 Dungeon Crawl Stone Soup version bcrawl-1.19.1 (webtiles) character file.

Game seed: 2667714511614791740

6618 Freyura the Cleaver (level 10, -4/63 HPs)
             Began as a Skeleton Fighter on Nov 26, 2019.
             Was an Elder of Okawaru.
             Hit by a large rock thrown by a cyclops (24 damage)
             ... in the Orcish Mines.
             The game lasted 00:28:05 (7477 turns).

Freyura the Cleaver (Skeleton Fighter)              Turns: 7477, Time: 00:28:05

Health: -4/63      AC: 18    Str: 25    XL:     10   Next: 72%
Magic:  0/22       EV: 14    Int: 17    God:    Okawaru [****..]
Gold:   461        SH: 16    Dex: 17    Spells: 9/9 levels left

rFire    x x .     SeeInvis .   n - +8 war axe "Qatazota" {elec, rF- MP+9 Str+3 Int+4}
rCold    + + +     Gourm    .   h - +2 shield
rNeg     + + +     Faith    .   u - +3 ice dragon scales of the Many Places {rF- rC++ Dex+4}
rPois    ∞         Spirit   +   o - +2 helmet
rElec    .         Reflect  +   (no cloak)
rCorr    .         Harm     .   (no gloves)
MR       +....                  (no boots)
Stlth    +.........             v - +2 amulet of reflection
HPRegen  0.20/turn              j - +5 ring of intelligence
MPRegen  0.18/turn              r - +2 ring of dexterity

@: no status effects
A: no food or potions, cold resistance 1, deterioration 1, negative energy
resistance 3, powered by death 1, torment resistance, unbreathing, magic shield,
sturdy frame 2, spell healing
a: Heroism, Renounce Religion


You were in the Orcish Mines.
You worshipped Okawaru.
Okawaru was greatly pleased with you.
You were not hungry.

You visited 3 branches of the dungeon, and saw 10 of its levels.

You collected 461 gold pieces.

Inventory:

Hand Weapons
 n - the +8 war axe "Qatazota" (weapon) {elec, rF- MP+9 Str+3 Int+4}
   (You found it on level 4 of the Dungeon)

   Occasionally, upon striking a foe, it will discharge some electrical energy
   and cause terrible harm.
   It affects your strength (+3).
   It affects your intelligence (+4).
   It makes you vulnerable to fire.
   It affects your magic capacity (+9).
 x - the +5 scythe "Finisher" {speed, eviscerate}
   (You found it on level 8 of the Dungeon)

   Attacks with this weapon are significantly faster.
 A - a +0 scimitar
Armour
 h - a +2 shield (worn)
 o - a +2 helmet (worn)
 u - the +3 ice dragon scales of the Many Places (worn) {rF- rC++ Dex+4}
   (You found it on level 8 of the Dungeon)

   It affects your dexterity (+4).
   It makes you vulnerable to fire.
   It greatly protects you from cold.
Jewellery
 j - a +5 ring of intelligence (left hand)
 l - an uncursed amulet of regeneration
 r - a +2 ring of dexterity (right hand)
 v - a +2 amulet of reflection (around neck)
Wands
 k - a wand of polymorph (16)
 p - a wand of iceblast (9)
 t - a wand of scattershot (5)
Scrolls
 c - a scroll of magic mapping
 d - a scroll of identify
 e - 4 scrolls of remove curse
 f - 3 scrolls of amnesia
 g - 2 scrolls of enchant weapon
 s - a scroll of summoning
 w - a scroll of teleportation
 y - a scroll of enchant armour


   Skills:
 + Level 7.1 Fighting
 - Level 6.9 Long Blades
 * Level 8.7 Axes
 + Level 7.7 Armour
 + Level 6.3 Dodging
 + Level 8.5 Shields
 + Level 4.1 Invocations


You had 9 spell levels left.
You didn't know any spells.
Your spell library contained the following spells:

 Spells                   Type           Power        Failure   Level  Hunger
 Magic Dart               Conj           #...         61%         1    N/A
 Blink                    Tloc           N/A          75%         2    N/A
 Call Imp                 Summ           #.....       75%         2    N/A
 Conjure Flame            Conj/Fire      #.......     93%         3    N/A
 Mephitic Cloud           Conj/Pois/Air  #.......     93%         3    N/A
 Spider Form              Tmut/Pois      Unusable     N/A         3    N/A

Dungeon Overview and Level Annotations

Branches:
Dungeon (8/12)             Temple (1/1) D:6            Lair (0/6) D:7
    Orc (1/1) D:8
    Elf: Orc:1

Altars:
Ashenzari
Cheibriados
Dithmenos
Elyvilon
Fedhas
Gozag
Hepliaklqana
Kikubaaqudgha
Lugonu
Makhleb
Okawaru
Qazlal
Trog
Uskayaw
Vehumet
Xom
Zin
The Shining One

Shops:
D:8 }   Orc (


Innate Abilities, Weirdness & Mutations

You do not eat or drink.
You are immune to poison.
Your flesh is cold resistant. (rC+)
Your body sometimes deteriorates upon taking damage.
You are immune to negative energy. (rN+++)
You regenerate a little health from kills.
You are immune to unholy pain and torment.
You can survive without breathing.
When hurt, damage is shared between your health and your magic reserves.
Your movements are less encumbered by armour. (ER -4)
Casting spells heals you.


Message History

A cyclops comes into view.
A cyclops and an ettin come into view.
The cyclops shouts!
The cyclops throws a large rock.
The large rock misses you.
Found Ruw Fac's Antique Weapon Emporium.
The cyclops hits the fungus!!
You slice the ettin!!
The ettin is moderately wounded.
You slash the fungus!
You destroy the fungus!
You hit the ettin but do no damage.
The ettin is moderately wounded.
The ettin hits you with a +0 dire flail!!
The ettin closely misses you.
You completely miss the ettin.
The ettin is moderately wounded.
The ettin hits you with a +0 dire flail!!
The ettin barely misses you.
The cyclops throws a large rock.
The large rock hits you!!
You die...

.......## ........#
........####
..P......#.##
............#
P.....CP.#.####
.....CC.....#.###
...∩..8@........##
.................####
........P.........#.##
..P..P.P.............# .
...P....#.........#.##..
...P.P...........#.....
................##..#
....#.#.....^.......## .
#.............#.#..


You could see an ettin and 2 cyclopes.

Vanquished Creatures
  Joseph (D:8)
  Grinder (D:4)
  A hippogriff (D:6)
  A human (D:7)
  4 wraiths (D:8)
  3 yaks (D:7)
  2 hogs (D:7)
  2 vampire mosquitoes (D:8)
  3 wargs (Orc)
  A crocodile (D:7)
  A water moccasin (D:7)
  3 porcupines (D:7)
  A sky beast (D:5)
  3 black bears
  6 orc warriors
  A phantom (D:4)
  2 ogres
  2 centaurs (D:7)
  A bullfrog (D:7)
  A big kobold (D:3)
  2 scorpions
  A water moccasin skeleton (D:4)
  5 wights (D:7)
  An electric eel (D:8)
  2 howler monkeys
  3 crimson imps
  2 quasits
  4 hounds
  A jelly (D:6)
  9 orc priests
  4 bullfrog skeletons
  An iguana (D:8)
  Natasha (twice) (D:3)
  Ijyb (D:3)
  8 orc wizards
  3 worker ants
  A hound zombie (D:5)
  Robin (D:4)
  3 adders
  13 gnolls
  2 shadow imps
  2 oozes (D:2)
  2 worms
  7 dart slugs
  12 leopard geckos
  29 orcs
  A giant cockroach (D:4)
  12 goblins
  15 hobgoblins
  6 jackals
  11 quokkas
  2 ball pythons
  4 bats
  A frilled lizard (D:1)
  A jackal skeleton (D:4)
  14 kobolds
  8 rats
  4 fungi
  4 plants (D:7)
244 creatures vanquished.

Vanquished Creatures (others)
  An orc wizard (D:8)
  An orc (D:8)
  6 fungi (D:7)
  A plant (D:7)
9 creatures vanquished.

Grand Total: 253 creatures vanquished

Notes
Turn   | Place    | Note
-------+----------+-------------------------------------------
     0 | D:1      | Freyura the Skeleton Fighter began the quest for the Orb.
     0 | D:1      | Reached XP level 1. HP: 14/14 MP: 1/1
   116 | D:1      | Reached XP level 2. HP: 18/19 MP: 2/2
   632 | D:1      | Reached XP level 3. HP: 19/23 MP: 3/3
  1125 | D:2      | Reached skill level 1 in Dodging
  1156 | D:2      | Reached XP level 4. HP: 19/28 MP: 4/4
  1797 | D:2      | Reached XP level 5. HP: 27/32 MP: 3/5
  1936 | D:3      | Noticed Natasha
  1947 | D:3      | Killed Natasha
  2052 | D:3      | Gained mutation: You regenerate a little health from kills.
                  | [Skeleton growth]
  2052 | D:3      | Reached XP level 6. HP: 34/38 MP: 4/6
  2243 | D:3      | Reached skill level 5 in Long Blades
  2348 | D:3      | Found a shimmering altar of Xom.
  2348 | D:3      | Found a shimmering altar of Xom.
  2349 | D:3      | Found a shimmering altar of Xom.
  2350 | D:3      | Found a shimmering altar of Xom.
  2350 | D:3      | Found a shimmering altar of Xom.
  2350 | D:3      | Found a shimmering altar of Xom.
  2501 | D:3      | Found a shimmering altar of Xom.
  2567 | D:3      | Noticed Ijyb
  2588 | D:3      | Reached skill level 5 in Shields
  2602 | D:3      | Killed Ijyb
  3102 | D:3      | Noticed Natasha
  3108 | D:3      | Killed Natasha
  3208 | D:3      | Reached XP level 7. HP: 32/44 MP: 3/7
  3365 | D:4      | Found a hazy altar of Hepliaklqana.
  3365 | D:4      | Found a burning altar of Makhleb.
  3379 | D:4      | Found a glowing golden altar of the Shining One.
  3419 | D:4      | Reached skill level 5 in Armour
  3454 | D:4      | Noticed Grinder
  3472 | D:4      | Paralysed by Grinder for 2 turns
  3495 | D:4      | Killed Grinder
  3508 | D:4      | Got a twisted war axe
  3569 | D:4      | Noticed Robin
  3588 | D:4      | Killed Robin
  3588 | D:4      | Reached XP level 8. HP: 48/48 MP: 8/8
  3739 | D:4      | Identified the +8 war axe "Qatazota" {elec, rF- MP+9 Str+3
                  | Int+4} (You found it on level 4 of the Dungeon)
  3820 | D:5      | Entered Level 5 of the Dungeon
  3875 | D:5      | Reached skill level 1 in Axes
  3953 | D:5      | Found a blossoming altar of Fedhas.
  4067 | D:5      | Reached skill level 5 in Fighting
  4561 | D:5      | Found a bloodstained altar of Trog.
  4734 | D:6      | Found a staircase to the Ecumenical Temple.
  4741 | Temple   | Entered the Ecumenical Temple
  4761 | Temple   | Became a worshipper of Warmaster Okawaru
  5310 | D:6      | Noticed a hippogriff
  5320 | D:6      | Killed a hippogriff
  5320 | D:6      | Reached skill level 1 in Invocations
  5543 | D:7      | Reached * piety under Okawaru
  5543 | D:7      | Reached XP level 9. HP: 43/54 MP: 10/10
  5554 | D:7      | Reached skill level 5 in Axes
  5656 | D:7      | Reached skill level 5 in Dodging
  5656 | D:7      | Reached ** piety under Okawaru
  5721 | D:7      | Found a staircase to the Lair.
  5773 | D:7      | Reached *** piety under Okawaru
  5986 | D:7      | Gained mutation: Your movements are less encumbered by
                  | armour. (ER -4) [Skeleton growth]
  5986 | D:7      | Reached XP level 10. HP: 61/61 MP: 12/12
  6258 | D:8      | Noticed Joseph
  6266 | D:8      | Killed Joseph
  6656 | D:8      | Found Vuwov's Gadget Emporium.
  6746 | D:8      | Got steaming ice dragon scales
  6759 | D:8      | Identified the +3 ice dragon scales of the Many Places {rF-
                  | rC++ Dex+4} (You found it on level 8 of the Dungeon)
  6849 | D:8      | Reached **** piety under Okawaru
  7099 | D:8      | Found the +5 scythe "Finisher" {speed, eviscerate}
  7312 | D:8      | Found a staircase to the Orcish Mines.
  7368 | Orc      | Entered the Orcish Mines
  7470 | Orc      | Noticed a cyclops
  7471 | Orc      | Found Ruw Fac's Antique Weapon Emporium.
  7471 | Orc      | Noticed an ettin
  7471 | Orc      | Noticed a cyclops
  7477 | Orc      | Hit by a large rock thrown by a cyclops

Skill      XL: |  1  2  3  4  5  6  7  8  9 10 |
---------------+-------------------------------+-----
Long Blades    | 3 4 5 6 |  6.9
Dodging        | 1 2 3 4 5 6 |  6.3
Shields        | 4 5 6 7 8 |  8.5
Armour         | 4 5 6 7 |  7.7
Fighting       | 4 5 6 7 |  7.1
Axes           | 4 7 8 |  8.7
Invocations    | 1 3 4 |  4.1

Action                   |  1- 3 |  4- 6 |  7- 9 | 10-12 || total
-------------------------+-------+-------+-------+-------++-------
Melee: Long sword        |   114 |   245 |   112 |       ||   471
       War axe           |       |       |   197 |   119 ||   316
Evoke: Wand              |       |       |       |     4 ||     4
  Use: Scroll            |       |     3 |     7 |     3 ||    13
Armor: Scale mail        |    47 |    78 |    41 |       ||   166
       Chain mail        |       |       |    60 |    20 ||    80
       Ice dragon scales |       |       |       |    14 ||    14
Dodge: Dodged            |    25 |    64 |   112 |    31 ||   232
Block: Shield            |    54 |   152 |   242 |    76 ||   524
       Reflection        |       |       |       |     3 ||     3
